 Dungeon Crawl Stone Soup version 0.29.1-13-g9f3cf754e1 (webtiles) character file.

Game seed: 8524453960606120050

2961 hbarley the Cleaver (level 9, -3/79 HPs)
             Began as a Hill Orc Fighter on Jan 30, 2023.
             Was a Believer of Elyvilon.
             Slain by an orc warrior
             ... wielding a +0 glaive
              (13 damage)
             ... on level 9 of the Dungeon.
             The game lasted 00:23:03 (9452 turns).

hbarley the Cleaver (Hill Orc Fighter)              Turns: 9452, Time: 00:23:03

Health: -3/79      AC: 20    Str: 21    XL:     9   Next: 81%
Magic:  9/9        EV:  8    Int:  8    God:    Elyvilon [**....]
Gold:   550        SH:  6    Dex: 19    Spells: 8/8 levels left

rFire   + + .      SeeInvis .   a - +0 war axe
rCold   . . .      Faith    .   c - +0 buckler
rNeg    . . .      Spirit   .   p - +0 chain mail
rPois   .          Reflect  .   u - +2 helmet
rElec   .          Harm     .   E - +1 cloak {Stlth+}
rCorr   .          Rampage  .   o - +0 pair of gloves
Will    .....                   d - +1 pair of boots of Risaecug {*Slow rF++ Dex+7}
Stlth   ..........              (no amulet)
HPRegen 0.23/turn               (no ring)
MPRegen 0.11/turn               (no ring)

@: no status effects
A: no striking features
a: Renounce Religion, Purification, Heal Other


You were on level 9 of the Dungeon.
You worshipped Elyvilon.
Elyvilon was pleased with you.
You visited 2 branches of the dungeon, and saw 10 of its levels.

You collected 707 gold pieces.
You spent 157 gold pieces at shops.

Inventory:

Hand Weapons
 a - a +0 war axe (weapon)
 F - the +4 hammer of Efrah {vorpal, Int+6 Stlth-}
   (You found it on level 4 of the Dungeon)

   It inflicts extra damage upon your enemies.
   Int:       It affects your intelligence (+6).
   Stlth:     It makes you less stealthy.
Armour
 b - a +0 scale mail
 c - a +0 buckler (worn)
 d - the +1 pair of boots of Risaecug (worn) {*Slow rF++ Dex+7}
   (You found it on level 6 of the Dungeon)

   Dex:       It affects your dexterity (+7).
   rF:        It greatly protects you from fire.
   *Slow:     It may slow you when you take damage.
 h - a +0 cloak
 o - a +0 pair of gloves (worn)
 p - a +0 chain mail (worn)
 t - a +0 tower shield
 u - a +2 helmet (worn)
 E - a +1 cloak of stealth (worn)
Jewellery
 I - an amulet of regeneration
 J - a ring of willpower
Wands
 C - a wand of roots (11)
 H - a wand of digging (5)
Scrolls
 e - 2 scrolls of magic mapping {unknown}
 f - 8 scrolls of identify
 i - 3 scrolls of butterflies {unknown}
 j - 5 scrolls of amnesia
 l - 7 scrolls of teleportation {unknown}
 r - 5 scrolls of enchant armour {unknown}
 v - a scroll of silence {unknown}
 y - a scroll of enchant weapon {unknown}
 z - 3 scrolls of fear {unknown}
 B - a scroll of vulnerability {unknown}
Potions
 g - 3 potions of invisibility {unknown}
 k - 2 potions of curing
 m - a potion of lignification {unknown}
 n - 4 potions of attraction
 q - a potion of degeneration {unknown}
 s - a potion of cancellation {unknown}
 w - a potion of mutation {unknown}
 x - a potion of heal wounds {unknown}
 A - a potion of magic {unknown}
 D - a potion of berserk rage {unknown}
 G - 2 potions of flight {unknown}


   Skills:
 + Level 7.2 Fighting
 + Level 11.8 Axes
 + Level 8.3 Armour
 + Level 2.1 Dodging
 + Level 4.9 Shields
 + Level 1.1 Evocations


You had 8 spell levels left.
You didn't know any spells.
Your spell library contained the following spells:

 Spells                   Type           Power      Damage    Failure   Level
 Sandblast                Erth           0%         2d4       99%         1
 Ensorcelled Hibernation  Hex/Ice        0%         N/A       99%         2
 Passwall                 Tmut/Erth      0%         N/A       99%         2
 Call Canine Familiar     Summ           0%         N/A       100%        3
 Ozocubu's Armour         Ice            0%         N/A       100%        3
 Portal Projectile        Hex/Tloc       0%         N/A       100%        3
 Spider Form              Tmut/Pois      0%         N/A       100%        3
 Stone Arrow              Conj/Erth      0%         3d7       100%        3
 Anguish                  Hex/Necr       0%         N/A       100%        4
 Leda's Liquefaction      Hex/Erth       0%         N/A       100%        4
 Metabolic Englaciation   Hex/Ice        0%         N/A       100%        5
 Simulacrum               Ice/Necr       0%         N/A       100%        6


Dungeon Overview and Level Annotations

Branches:
Dungeon (9/15)             Temple (1/1) D:6
   Lair: D:8-11         Orc: D:9-12

Altars:
Ashenzari
Cheibriados
Dithmenos
Elyvilon
Fedhas
Gozag
Hepliaklqana
Kikubaaqudgha
Makhleb
Nemelex Xobeh
Okawaru
Qazlal
Ru
Sif Muna
Trog
Uskayaw
Wu Jian
Xom
Yredelemnul
Zin
The Shining One
Beogh

Shops:
D:1 *   D:3 *


Message History

You closely miss the orc warrior.
The orc warrior is moderately wounded.
You block the orc warrior's attack.
You hit the orc warrior but do no damage.
The orc warrior is moderately wounded.
The orc warrior hits you with a +0 glaive.
You hit the orc warrior but do no damage.
The orc warrior is moderately wounded.
The orc warrior hits you with a +0 glaive.
You hit the orc warrior but do no damage.
The orc warrior is moderately wounded.
The orc warrior hits you with a +0 glaive.
You hit the orc warrior.
The orc warrior is heavily wounded.
You slash the orc warrior!
The orc warrior is almost dead.
The orc warrior hits you with a +0 glaive!
You hit the orc warrior but do no damage.
The orc warrior is almost dead.
You block the orc warrior's attack.
You closely miss the orc warrior.
The orc warrior is almost dead.
The orc warrior barely misses you.
You hit the orc warrior but do no damage.
The orc warrior is almost dead.
The orc warrior hits you with a +0 glaive.
You hit the orc warrior but do no damage.
The orc warrior is almost dead.
The orc warrior hits you with a +0 glaive!
* * * LOW HITPOINT WARNING * * *
You barely miss the orc warrior.
The orc warrior is almost dead.
You block the orc warrior's attack.
You barely miss the orc warrior.
The orc warrior is almost dead.
The orc warrior hits you with a +0 glaive!
* * * LOW HITPOINT WARNING * * *
The orc warrior attacks as you move away!
The orc warrior hits you with a +0 glaive!
You die...

# ######### #.
.......#
#..##..#..# .#
#.........###...#
................#
#.o@.<# #.....#
.)..........
#############


You could see an orc warrior.

Vanquished Creatures
  A two-headed ogre (D:9)
  Prince Ribbit (D:8)
  A wraith (D:7)
  2 water moccasins
  An orc warrior (D:6)
  A black bear (D:6)
  A sky beast (D:6)
  2 centaurs
  A kobold brigand (D:7)
  A bullfrog (D:7)
  2 necrophages
  A scorpion (D:5)
  3 howler monkeys (D:7)
  4 hounds
  4 orc priests
  Crazy Yiuf (D:4)
  3 gnoll boudas
  6 iguanas
  5 orc wizards
  9 adders
  11 gnolls
  An ufetubus (D:4)
  4 worms
  4 dart slugs
  23 orcs
  7 endoplasms
  2 giant cockroaches
  8 hobgoblins
  4 jackals (D:2)
  9 kobolds
  7 quokkas
  4 ball pythons
  4 bats
  4 frilled lizards
  8 goblins
  4 rats
154 creatures vanquished.

Vanquished Creatures (others)
  4 fungi
  3 toadstools (D:3)
7 creatures vanquished.

Grand Total: 161 creatures vanquished

Notes
Turn   | Place    | Note
-------+----------+-------------------------------------------
     0 | D:1      | hbarley the Hill Orc Fighter began the quest for the Orb.
     0 | D:1      | Reached XP level 1. HP: 19/19 MP: 1/1
     0 | D:1      | Found Xistor's Assorted Antiques.
   173 | D:1      | Reached XP level 2. HP: 27/27 MP: 2/2
   182 | D:1      | Reached skill level 3 in Axes
   481 | D:1      | Reached XP level 3. HP: 33/33 MP: 3/3
  1245 | D:2      | Reached skill level 4 in Axes
  1302 | D:2      | Reached XP level 4. HP: 41/41 MP: 4/4
  2332 | D:3      | Found Nacsapat's Assorted Antiques.
  2339 | D:3      | Bought a glowing helmet for 157 gold pieces
  2458 | D:3      | Reached XP level 5. HP: 42/47 MP: 5/5
  2993 | D:3      | Reached skill level 5 in Axes
  3284 | D:3      | Found a roughly hewn altar of Beogh.
  3284 | D:3      | Found the +7 staff of the Meek {protect, meekguard}
  4257 | D:4      | Found a runed translucent door.
  4258 | D:4      | Noticed Crazy Yiuf
  4268 | D:4      | Killed Crazy Yiuf
  4269 | D:4      | Reached skill level 1 in Dodging
  4273 | D:4      | Identified the +4 hammer of Efrah {vorpal, Int+6 Stlth-}
  4526 | D:5      | Entered Level 5 of the Dungeon
  4542 | D:5      | Reached XP level 6. HP: 55/55 MP: 6/6
  4560 | D:5      | Noticed a water moccasin
  4574 | D:5      | Killed a water moccasin
  4575 | D:5      | Reached skill level 5 in Fighting
  4575 | D:5      | Reached skill level 6 in Axes
  4867 | D:5      | Found a sparkling altar of Nemelex Xobeh.
  4883 | D:5      | Found a bloodstained altar of Trog.
  4883 | D:5      | Found a blossoming altar of Fedhas.
  5018 | D:5      | Reached XP level 7. HP: 9/61 MP: 7/7
  5021 | D:5      | Reached skill level 7 in Axes
  5388 | D:5      | Found a hazy altar of Hepliaklqana.
  5404 | D:5      | Reached skill level 5 in Armour
  5727 | D:6      | Reached skill level 8 in Axes
  5801 | D:6      | Reached XP level 8. HP: 21/69 MP: 8/8
  6292 | D:6      | Identified the +1 pair of boots of Risaecug {*Slow rF++
                  | Dex+7}
  6523 | D:6      | Found a staircase to the Ecumenical Temple.
  6582 | Temple   | Entered the Ecumenical Temple
  6673 | Temple   | Became a worshipper of Elyvilon the Healer
  6894 | D:6      | HP: 2/70 [orc warrior/+0 mace (7)]
  7411 | D:7      | Noticed a wraith
  7412 | D:7      | Reached skill level 9 in Axes
  7440 | D:7      | Killed a wraith
  7536 | D:7      | Reached skill level 1 in Evocations
  7620 | D:7      | Reached XP level 9. HP: 72/78 MP: 9/9
  7626 | D:7      | Reached skill level 10 in Axes
  7846 | D:7      | Reached * piety under Elyvilon
  8449 | D:8      | Noticed Prince Ribbit
  8482 | D:8      | Killed Prince Ribbit
  8483 | D:8      | Reached skill level 11 in Axes
  8722 | D:8      | Reached ** piety under Elyvilon
  9107 | D:9      | Noticed a two-headed ogre
  9122 | D:9      | Killed a two-headed ogre
  9452 | D:9      | Slain by an orc warrior

Illustrated notes

Levels and vault maps discovered:
D:1:      dpeg_arrival_arbitrary_c, layout_rooms, serial_shops, shop
D:2:      layout_loops_corners
D:3:      layout_loops_ring, serial_shops, shop, minmay_gold_behind_fungi,
          pf_guarded_unrand_meek
D:4:      layout_loops_cross, uniq_crazy_yiuf_cottage
D:5:      layout_basic, grunt_temple_overflow_open, nzn_hepliaklqana_mist_gate,
          corexii_corridor_pit
D:6:      hellmonk_crumbling_castle, layout_basic, temple_green
D:7:      layout_loops_ring, grunt_ministairs_3
D:8:      layout_basic, uniq_prince_ribbit1
D:9:      layout_stronghold, mainiacjoe_overflow_concentric_impassable,
          lair_entry_dummy, gammafunk_ghost_abyssal_escape
Temple:   minmay_temple_bridge_d

Skill      XL: |  1  2  3  4  5  6  7  8  9 |
---------------+----------------------------+-----
Axes           | 3 4 5 6 8 9 11 | 11.8
Fighting       | 4 5 6 7 |  7.2
Armour         | 4 5 7 8 |  8.3
Dodging        | 1 2 |  2.1
Shields        | 4 |  4.9
Evocations     | 1 |  1.1

Action                   |  1- 3 |  4- 6 |  7- 9 || total
-------------------------+-------+-------+-------++-------
Melee: War axe           |   106 |   181 |   310 ||   597
Evoke: Wand              |       |       |     3 ||     3
  Use: Potion            |       |     2 |     1 ||     3
       Scroll            |       |       |     3 ||     3
Armor: Scale mail        |    55 |       |       ||    55
       Chain mail        |       |   114 |   185 ||   299
Dodge: Dodged            |    59 |    65 |    83 ||   207
Block: Buckler           |    26 |    33 |    53 ||   112
